 Dungeon Crawl Stone Soup version 0.30-a0-591-g3c58d2bc28 (webtiles) character file.

Game seed: 11595867385590246989

114 testman the Slasher (level 4, 0/28 HPs)
             Began as a Tengu Reaver on Jan 4, 2023.
             Slain by an orc
             ... wielding a +0 club
              (1 damage)
             ... on level 3 of the Dungeon.
             The game lasted 00:05:32 (2714 turns).

testman the Slasher (Tengu Reaver)                  Turns: 2714, Time: 00:05:32

Health: 0/28       AC:  3    Str: 12    XL:     4   Next: 98%
Magic:  5/8        EV: 12    Int: 15    God:
Gold:   213        SH:  5    Dex: 13    Spells: 4/7 levels left

rFire   . . .      SeeInvis .    a - +0 falchion
rCold   . . .      Faith    .    (no shield)
rNeg    . . .      Spirit   .    b - +0 leather armour
rPois   .          Reflect  +    (helmet restricted)
rElec   .          Harm     .    (no cloak)
rCorr   .          Rampage  .    (no gloves)
Will    .....                    (boots unavailable)
Stlth   +                        o - amulet of reflection
HPRegen 0.24/turn                (no ring)
MPRegen 0.11/turn                (no ring)

@: very slightly contaminated
A: beak, talons 3
a: no special abilities


You were on level 3 of the Dungeon.
You visited 1 branch of the dungeon, and saw 4 of its levels.

You collected 213 gold pieces.

Inventory:

Hand Weapons
 a - a +0 falchion (weapon)
Missiles
 g - a throwing net
 q - 6 poisoned darts
Armour
 b - a +0 leather armour (worn)
Jewellery
 o - an amulet of reflection (around neck)
Wands
 j - a wand of polymorph (13)
Scrolls
 d - a scroll of poison {unknown}
 e - 6 scrolls of identify {unknown}
 h - 3 scrolls of vulnerability {unknown}
 k - a scroll of teleportation {unknown}
 l - a scroll of fog {unknown}
 m - a scroll of acquirement {unknown}
 p - a scroll of blinking {unknown}
Potions
 c - 4 potions of mutation {unknown}
 f - a potion of heal wounds {unknown}
 i - a potion of haste {unknown}
 n - a potion of curing {unknown}
 r - a potion of attraction {unknown}
 s - a potion of resistance {unknown}


   Skills:
 + Level 3.1 Fighting
 + Level 4.2 Long Blades
 - Level 2.2 Dodging
 - Level 2.2 Spellcasting
 - Level 4.0 Conjurations
 + Level 1.8 Translocations


You had 4 spell levels left.
You knew the following spells:

 Your Spells              Type           Power      Damage    Failure   Level
a - Kiss of Death         Conj/Necr      28%        2d7       12%         1
b - Momentum Strike       Conj/Tloc      20%        3d8       13%         2

Your spell library contained the following spells:

 Spells                   Type           Power      Damage    Failure   Level
 Hailstorm                Conj/Ice       7%         3d4       36%         3


Dungeon Overview and Level Annotations

Branches:
Dungeon (4/15)
 Temple: D:4-7

Altars:

Shops:
D:2 =


Innate Abilities, Weirdness & Mutations

You have a beak for a mouth.
You have claws for feet.


Message History

* * * LOW HITPOINT WARNING * * *
Okay, then.
Aiming: Momentum Strike (safe; 13% risk of failure)
Press: ? - help, Q - select action, (/) - cycle Dir - move target, f - orc
Aim: an orc, wielding a +0 club and wearing a +0 ring mail (72% to hit)
You miscast Momentum Strike.
You are very lightly contaminated with residual magic.
Nothing appears to happen.
The orc closely misses you. The orc barely misses you.
Aiming: Momentum Strike (safe; 13% risk of failure)
Press: ? - help, Q - select action, (/) - cycle Dir - move target, f/p - orc
Aim: an orc, wielding a +0 club and wearing a +0 ring mail (72% to hit)
Okay, then.
You are too injured to fight recklessly!
You are too injured to fight recklessly!
You are too injured to fight recklessly!
You are too injured to fight recklessly!
You closely miss the orc. The orc closely misses you.
The orc hits you with a +0 club.
* * * LOW HITPOINT WARNING * * *
You hit the orc. You claw the orc, but do no damage.
The orc is moderately wounded.
The orc hits you but does no damage. The orc closely misses you.
You barely miss the orc. Your kick misses the orc.
The orc is moderately wounded.
You block the orc's attack. The orc barely misses you.
You closely miss the orc. You claw the orc. Your peck misses the orc.
The orc is severely wounded.
The orc hits you with a +0 hand axe.
* * * LOW HITPOINT WARNING * * *
The orc closely misses you.
You closely miss the orc. You claw the orc.
You kill the orc!
The orc hits you with a +0 club.
* * * LOW HITPOINT WARNING * * *
You hit the orc but do no damage. You block the orc's attack. x2
You hit the orc. Your kick misses the orc.
The orc is heavily wounded.
The orc hits you with a +0 club.
You die...

#....###..#...#'.###.###
#.#...####†....###...###
#.#..#..................
#.#.........8.......####
#.##.#..................
#(##.#.###.....###.#####
#.....##..#...#'.###
####.##)o.#...#...#
#.##@)##...##.>###
#.######....####.##
#....####.........###
#.......'.........'.)
####....####.........###
#........# ##.......##
#.##.###.# ##.....##
#.##..##.# ##...##
#.###.##.# ##+#######


You could see an orc.

Vanquished Creatures
  A jelly (D:3)
  2 adders
  2 worms
  4 dart slugs
  3 orcs
  3 endoplasms
  A giant cockroach (D:3)
  3 goblins
  6 hobgoblins
  4 jackals (D:2)
  2 quokkas
  3 ball pythons
  4 bats
  2 frilled lizards (D:3)
  6 kobolds
  4 rats
50 creatures vanquished.

Vanquished Creatures (others)
  2 fungi (D:3)
2 creatures vanquished.

Grand Total: 52 creatures vanquished

Notes
Turn   | Place    | Note
-------+----------+-------------------------------------------
     0 | D:1      | testman the Tengu Reaver began the quest for the Orb.
     0 | D:1      | Reached XP level 1. HP: 12/12 MP: 4/4
   332 | D:1      | Reached XP level 2. HP: 14/17 MP: 6/6
   618 | D:2      | Found Aliloter's One-of-a-Kind Rings.
   672 | D:2      | Learned a level 2 spell: Momentum Strike
   796 | D:2      | Reached XP level 3. HP: 22/22 MP: 7/7
   894 | D:2      | Reached skill level 1 in Translocations
  1830 | D:3      | Reached XP level 4. HP: 27/27 MP: 8/8
  2712 | D:3      | HP: 1/28 [orc/+0 club (2)]
  2714 | D:3      | Slain by an orc

Illustrated notes

Levels and vault maps discovered:
D:1:      mrwooster_arrival_statue, layout_basic, grunt_decor_cap
D:2:      layout_loops_ring, amcnicky_mini_pool_small,
          nicolae_shop_unique_rings, chequers_serial_rivers_marsh,
          minmay_tree_intersection
D:3:      layout_loops_corners, grunt_ministairs_6, dreamdust_mushroom_princess,
          minmay_misc_feat_more_columns
D:4:      layout_gridville, grunt_dithmenos_smoke

Skill      XL: |  1  2  3  4 |
---------------+-------------+-----
Translocations | 1 |  1.8
Long Blades    | 4 |  4.2
Fighting       | 3 |  3.1
Dodging        | |  2.2
Spellcasting   | |  2.2
Conjurations   | |  4.0

Action                   |  1- 3 |  4- 6 || total
-------------------------+-------+-------++-------
Melee: Falchion          |    85 |    41 ||   126
       Peck              |    14 |     6 ||    20
       Punch             |     2 |       ||     2
       Kick              |    21 |     7 ||    28
 Cast: Momentum Strike   |     1 |     5 ||     6
Armor: Leather armour    |    17 |    11 ||    28
Dodge: Dodged            |    56 |    28 ||    84
Block: Other             |       |    15 ||    15

Table legend: (Time is in decaauts)
 A = Elapsed time spent in this place.
 B = Non-inter-level travel time spent in this place.
 C = Inter-level travel time spent in this place.
 D = Time resting spent in this place.
 E = Time spent auto-exploring this place.
 F = Levels seen in this place.
 G = Mean time per level.
                   A        B        C        D        E       F      G
               +--------+--------+--------+--------+--------+-----+--------+
         Total |   2733 |   2664 |     69 |     29 |   2287 |   4 |  683.2 |
       Dungeon |   2733 |   2664 |     69 |     29 |   2287 |   4 |  683.2 |
               +--------+--------+--------+--------+--------+-----+--------+

Top non-repeatable levels by time:
     D:3: 910 daAuts
     D:2: 796 daAuts
     D:1: 588 daAuts
     D:4: 437 daAuts
